 Dungeon Crawl Stone Soup version 0.29.1-2-gbd0b4ee654 (webtiles) character file.

Game seed: 14836024373446457326

13198 Avanven the Ripper (level 11, 0/49 HPs)
             Began as a Felid Berserker on Nov 16, 2022.
             Was an Elder of Trog.
             Slain by a komodo dragon (29 damage)
             ... on level 5 of the Lair of Beasts on Nov 17, 2022.
             The game lasted 00:39:08 (16839 turns).

Avanven the Ripper (Felid Berserker)               Turns: 16839, Time: 00:39:09

Health: 0/49       AC:  4    Str: 23    XL:     11   Next: 72%
Magic:  12/12      EV: 25    Int: 10    God:    Trog [****..]
Gold:   706        SH:  0    Dex: 15    Spells: 10/10 levels left
                                        Lives:  0   Deaths: 3

rFire   . . .      SeeInvis +     - Unarmed
rCold   . . .      Faith    +   (shield unavailable)
rNeg    . . .      Spirit   .   (body armour unavailable)
rPois   +          Reflect  .   (helmet unavailable)
rElec   .          Harm     .   (cloak unavailable)
rCorr   .          Rampage  .   (gloves unavailable)
Will    +....                   (boots unavailable)
Stlth   +++++.....              q - amulet of faith
HPRegen 0.16/turn               v - ring of poison resistance
MPRegen 0.13/turn               k - +6 ring of strength

@: on berserk cooldown, slowed, studying Unarmed Combat, slow
A: very small, claws 1, fangs 3, see invisible, speed 1, shaggy fur 2, stealthy
paws, no weapons or thrown items, no armour, multi-lived, antennae 1, iridescent
scales 1
a: Renounce Religion, Berserk, Trog's Hand, Brothers in Arms


You were on level 5 of the Lair of Beasts.
You worshipped Trog.
Trog was greatly pleased with you.
You visited 3 branches of the dungeon, and saw 16 of its levels.
You also visited: Ossuary and Ice Cave.

You collected 790 gold pieces.
You spent 84 gold pieces at shops.

Inventory:

Jewellery
 f - a ring of ice
 k - a +6 ring of strength (right paw)
 n - the ring of the Verdant Coconut {Ice rN++}
   (You found it on level 3 of the Lair of Beasts)

   [ring of ice]

   It enhances your ice magic.
   rF:        It makes you vulnerable to fire.
   rC:        It protects you from cold.
   rN:        It greatly protects you from negative energy.
 q - an amulet of faith (around neck)
 v - a ring of poison resistance (left paw)
 z - a ring of protection from fire
Wands
 i - a wand of charming (27)
 j - a wand of roots (4)
 t - a wand of quicksilver (4)
 y - a wand of flame (29)
Scrolls
 c - 8 scrolls of teleportation
 d - 2 scrolls of silence
 p - a scroll of blinking
 r - 2 scrolls of fog
 u - 3 scrolls of poison
Potions
 a - a potion of haste
 b - 2 potions of ambrosia
 e - 6 potions of curing
 g - 2 potions of cancellation
 h - 4 potions of mutation
 l - a potion of flight
 m - a potion of magic {unknown}
 o - a potion of might {unknown}
 s - 3 potions of heal wounds
 w - 2 potions of brilliance {unknown}
 x - 3 potions of lignification {unknown}
 A - a potion of invisibility


   Skills:
 - Level 6.5 Fighting
 + Level 13.5 Dodging
 + Level 12.4 Stealth
 * Level 18.6 Unarmed Combat


You had 10 spell levels left.
You didn't know any spells.
Your spell library was empty.

Dungeon Overview and Level Annotations

Branches:
Dungeon (10/15)            Temple (1/1) D:4            Lair (5/5) D:10
  Swamp (0/4) Lair:2       Spider (0/4) Lair:2        Slime (0/5) Lair:5
Ossuary (visited)           IceCv (visited)
    Orc: D:9-12

Altars:
Ashenzari
Cheibriados
Dithmenos
Elyvilon
Fedhas
Gozag
Hepliaklqana
Kikubaaqudgha
Makhleb
Nemelex Xobeh
Okawaru
Qazlal
Ru
Sif Muna
Trog
Uskayaw
Vehumet
Wu Jian
Xom
Yredelemnul
Zin
The Shining One
Jiyva

Shops:
D:2 !   D:8 [

Annotations:
D:5 2 transporters
Lair:2 6 exclusions
Lair:5 1 runed translucent door, exclusion: door, ripuliukko's ghost, journeyman MiFi


Innate Abilities, Weirdness & Mutations

You have sharp claws.
You have razor-sharp teeth.
You have supernaturally acute eyesight. (SInv)
You cover ground quickly. (Speed+)
You are covered in thick fur. (AC +2)
Your paws help you pounce on unaware monsters.
You are incapable of wielding weapons or throwing items.
You cannot wear armour.
You gain extra lives every three experience levels.
You have a pair of small antennae on your head.
You are partially covered in iridescent scales. (AC +2)


Message History

The elephant is heavily wounded.
The elephant completely misses you. The elephant barely misses you.
You mangle the elephant!! Your claw misses the elephant. You bite the elephant.
The elephant is almost dead.
Your ogre barely misses the elephant.
You scratch the elephant.
The elephant is almost dead.
The elephant completely misses you. The elephant barely misses you.
The elephant completely misses you. The elephant trunk-slaps you.
You mangle the elephant!!
You kill the elephant!
Trog accepts your kill.
Your ogre hits the elephant with a +0 giant spiked club!!!
You catch the helpless elephant completely off-guard!
You eviscerate the elephant!!!!
You kill the elephant!
Trog accepts your kill.
You mangle the elephant!!
You kill the elephant!
Trog accepts your kill. The elephant barely misses you.
The elephant misses you.
You mangle the elephant!! You bite the elephant!
The elephant is heavily wounded.
You scratch the elephant. You bite the elephant.
The elephant is severely wounded.
Your ogre hits the elephant with a +0 giant spiked club!
The elephant tramples you!
You stumble backwards!
You mangle the elephant!!
You kill the elephant!
Trog accepts your kill. The komodo dragon bites your ogre!
You swap places.
You feel a strong urge to attack something.
You are no longer berserk.
You are exhausted.
You feel yourself slow down.
Your ogre rages.
You closely miss the komodo dragon. The komodo dragon bites you!!
Ouch! That really hurt!
You die...

#....).P.........(...+[8#
###.##......(.........#?P#
.....##...............####
#......#..........#..##
....#..P......#..###.## **
........P.P...#.###...###*#####*,
..#...#.P.......###.....#..§.l.,*
................O.........§.>_.,,
....#...........@l.........§...,,
..............††.F....^.§§.....,,
................l............§.,,
...............................,,
........................§..Y§..,,
.................<...<......P..,,
#..#.##P####............#P.P...,,
.#.###### #.#......<###.#*******,
P### #..........#*** *,


You could see 2 komodo dragons, a cane toad and a friendly ogre (summoned,
berserk).

Vanquished Creatures
  A hydra (Lair:4)
  A boulder beetle (Lair:5)
  A death yak (Lair:5)
  Pikel (D:7)
  5 black mambas (Lair:5)
  4 elephants (Lair:5)
  Joseph (D:8)
  Maggie (D:7)
  2 ice statues (IceCv)
  13 cane toads
  A rime drake (Lair:3)
  7 komodo dragons
  Psyche (D:8)
  2 blink frogs (Lair:4)
  A dream sheep (Lair:5)
  6 wyverns
  A vampire (D:9)
  Sigmund (D:3)
  A wraith (Ossuary)
  26 yaks
  Menkaure (D:4)
  A basilisk (Lair:5)
  Grum (D:8)
  A harpy simulacrum (IceCv)
  2 acid dragons (D:9)
  8 water moccasins
  An ice beast (D:8)
  A black bear (D:5)
  12 wolves
  A centaur (D:5)
  2 elf zombies (Ossuary)
  3 phantoms
  A gnoll sergeant (D:8)
  14 bullfrogs
  3 kobold brigands
  4 scorpions
  5 wights (D:8)
  3 killer bees (D:7)
  An elephant simulacrum (IceCv)
  2 howler monkeys
  An electric eel (Lair:5)
  A human zombie (Ossuary)
  3 jellies
  4 hounds
  6 orc priests
  A gnoll bouda (D:7)
  Jessica (D:2)
  Natasha (thrice) (D:3)
  5 iguanas
  5 orc wizards
  A polar bear simulacrum (IceCv)
  3 mummies (Ossuary)
  Robin (D:4)
  9 gnolls
  5 adders
  A white imp (D:5)
  An ufetubus (D:5)
  2 worms (D:2)
  2 dart slugs
  27 orcs
  12 ball pythons
  10 endoplasms
  A giant cockroach (D:3)
  13 goblins
  13 hobgoblins
  2 jackals (D:2)
  5 quokkas
  7 bats
  4 frilled lizards
  A gnoll zombie (Ossuary)
  4 goblin zombies (Ossuary)
  3 hobgoblin zombies (Ossuary)
  13 kobolds
  A kobold zombie (Ossuary)
  6 rats
321 creatures vanquished.

Vanquished Creatures (collateral kills)
  2 ugly things (IceCv)
  A yak (Lair:3)
  A polar bear simulacrum (IceCv)
4 creatures vanquished.

Vanquished Creatures (others)
  An orc (D:8)
  9 fungi
  55 plants
  2 withered plants (Lair:5)
67 creatures vanquished.

Grand Total: 392 creatures vanquished

Notes
Turn   | Place    | Note
-------+----------+-------------------------------------------
     0 | D:1      | Avanven the Felid Berserker began the quest for the Orb.
     0 | D:1      | Reached XP level 1. HP: 10/10 MP: 2/2
   152 | D:1      | Found a faded altar of an unknown god.
   185 | D:1      | Reached XP level 2. HP: 8/14 MP: 3/3
   583 | D:1      | Reached skill level 4 in Unarmed Combat
   811 | D:2      | Reached XP level 3. HP: 9/17 MP: 4/4
  1036 | D:2      | Noticed Jessica
  1043 | D:2      | Killed Jessica
  1265 | D:2      | Found a white marble altar of Elyvilon.
  1399 | D:2      | Reached XP level 4. HP: 21/21 MP: 5/5
  1499 | D:2      | Found Woabam's Distillery.
  1511 | D:2      | Bought 2 potions of curing for 84 gold pieces
  1530 | D:2      | Reached ** piety under Trog
  2095 | D:3      | Reached skill level 5 in Unarmed Combat
  2269 | D:3      | Noticed Natasha
  2281 | D:3      | Killed Natasha
  2449 | D:3      | Identified the +4 pair of gloves of Precision Catastrophes
                  | {Will+}
  2478 | D:3      | Reached XP level 5. HP: 20/24 MP: 6/6
  2555 | D:3      | Reached skill level 5 in Dodging
  2715 | D:3      | Noticed Natasha
  2721 | D:3      | Killed Natasha
  2931 | D:3      | Noticed Natasha
  2940 | D:3      | Killed Natasha
  3062 | D:3      | Reached skill level 6 in Unarmed Combat
  3062 | D:3      | Gained mutation: You are covered in thick fur. (AC +2)
                  | [Felid growth]
  3062 | D:3      | Reached XP level 6. HP: 11/28 MP: 7/7
  3660 | D:3      | Found a sparkling altar of Nemelex Xobeh.
  3790 | D:3      | Noticed Sigmund
  3800 | D:3      | Killed Sigmund
  3978 | D:4      | Noticed Menkaure
  3987 | D:4      | Killed Menkaure
  3988 | D:4      | Reached skill level 7 in Unarmed Combat
  3988 | D:4      | Reached XP level 7. HP: 31/31 MP: 8/8
  4408 | D:4      | Found a staircase to the Ecumenical Temple.
  4417 | Temple   | Entered the Ecumenical Temple
  4514 | D:4      | Reached *** piety under Trog
  4518 | D:4      | Noticed Robin
  4540 | D:4      | Killed Robin
  5139 | D:5      | Entered Level 5 of the Dungeon
  5139 | D:5      | Found a transporter.
  5294 | D:5      | Reached skill level 8 in Unarmed Combat
  5475 | D:5      | Reached XP level 8. HP: 34/34 MP: 9/9
  6285 | D:5      | Found a transporter.
  6294 | D:5      | Identified the +2 hand axe "Dasof" {vamp, rF- Int+7}
  6309 | D:5      | Found a hide-covered altar of Uskayaw.
  6327 | D:5      | Reached skill level 9 in Unarmed Combat
  7259 | D:6      | Gained mutation: You have a pair of small antennae on your
                  | head. [potion of mutation]
  7259 | D:6      | Gained mutation: You are partially covered in iridescent
                  | scales. (AC +2) [potion of mutation]
  7376 | D:6      | Found an ancient bone altar of Kikubaaqudgha.
  7614 | D:6      | Found a glowing golden altar of the Shining One.
  7716 | D:7      | Noticed Maggie
  7730 | D:7      | Killed Maggie
  7731 | D:7      | Reached skill level 5 in Fighting
  7731 | D:7      | Reached skill level 10 in Unarmed Combat
  7736 | D:7      | Reached XP level 9. HP: 37/40 MP: 10/10
  8449 | D:7      | Noticed Pikel
  8481 | D:7      | Killed Pikel
  8482 | D:7      | Reached skill level 11 in Unarmed Combat
  8561 | D:7      | Found a shimmering altar of Xom.
  8826 | D:8      | Noticed Psyche
  8832 | D:8      | Killed Psyche
  8837 | D:8      | Reached **** piety under Trog
  8932 | D:8      | Noticed Grum
  8978 | D:8      | Found a sand-covered staircase.
  8987 | Ossuary  | Entered an ossuary
  9410 | D:8      | Reached skill level 12 in Unarmed Combat
  9416 | D:8      | Reached XP level 10. HP: 41/46 MP: 11/11
  9420 | D:8      | Killed Grum
  9703 | D:8      | Found Runtamp's Antique Armour Boutique.
  9795 | D:8      | Found an ornate altar of the Wu Jian Council.
 10014 | D:8      | Found a basalt altar of Yredelemnul.
 10017 | D:8      | Noticed Joseph
 10031 | D:8      | Killed Joseph
 10126 | D:8      | Found a sacrificial altar of Ru.
 10127 | D:8      | Found a burning altar of Makhleb.
 10171 | D:8      | Reached skill level 5 in Stealth
 10227 | D:8      | Found a shadowy altar of Dithmenos.
 10489 | D:9      | Reached ***** piety under Trog
 10508 | D:9      | Killed from afar by an acid dragon
 10509 | D:9      | Reached XP level 9. HP: -6/63 MP: 10/10
 11208 | D:10     | Entered Level 10 of the Dungeon
 11212 | D:10     | Found a staircase to the Lair.
 11226 | Lair:1   | Entered Level 1 of the Lair of Beasts
 11259 | Lair:1   | Noticed a cane toad
 11266 | Lair:1   | Killed a cane toad
 11267 | Lair:1   | Reached skill level 13 in Unarmed Combat
 11294 | Lair:1   | Noticed an elephant
 11294 | Lair:1   | Noticed an elephant
 11489 | Lair:1   | Noticed a komodo dragon
 11499 | Lair:1   | Killed a komodo dragon
 11500 | Lair:1   | Reached XP level 10. HP: 46/46 MP: 11/11
 11573 | Lair:1   | Noticed a cane toad
 11581 | Lair:1   | Killed a cane toad
 11582 | Lair:1   | Reached skill level 10 in Dodging
 11876 | Lair:2   | Noticed a cane toad
 11880 | Lair:2   | Killed a cane toad
 12066 | Lair:2   | Found a staircase to the Swamp.
 12217 | Lair:2   | Noticed a cane toad
 12223 | Lair:2   | Killed a cane toad
 12342 | Lair:2   | Noticed a cane toad
 12351 | Lair:2   | Killed a cane toad
 12408 | Lair:2   | Reached skill level 14 in Unarmed Combat
 12752 | Lair:2   | Found a hole to the Spider Nest.
 12752 | Lair:2   | Noticed an orb spider
 12778 | Lair:2   | Identified a scroll of acquirement
 12779 | Lair:2   | Acquired a manual of Unarmed Combat
 12854 | Lair:3   | Reached XP level 11. HP: 49/49 MP: 12/12
 12954 | Lair:3   | Identified the +0 ring mail "Jadoph" {Contam rC+++ Regen+
                  | Str+3}
 12961 | Lair:3   | Identified the ring of the Verdant Coconut {Ice rN++}
 13525 | Lair:3   | Reached skill level 15 in Unarmed Combat
 14185 | Lair:4   | Reached skill level 10 in Stealth
 14385 | Lair:4   | Noticed an eight-headed hydra
 14418 | Lair:4   | Slain by an eight-headed hydra
 14419 | Lair:4   | Reached XP level 10. HP: -2/69 MP: 11/11
 14442 | Lair:3   | Reached skill level 16 in Unarmed Combat
 14635 | Lair:3   | Slain by a yak
 14636 | Lair:3   | Reached XP level 9. HP: -4/63 MP: 10/10
 14849 | Lair:4   | Killed an eight-headed hydra
 14850 | Lair:4   | Reached XP level 10. HP: 46/46 MP: 11/11
 15578 | Lair:5   | Entered Level 5 of the Lair of Beasts
 15580 | Lair:5   | Noticed an elephant
 15580 | Lair:5   | Noticed a cane toad
 15586 | Lair:5   | Noticed a boulder beetle
 15587 | Lair:5   | Found a frozen archway.
 15596 | IceCv    | Entered an ice cave
 15596 | IceCv    | Noticed a white ugly thing
 15601 | IceCv    | Found a transporter.
 15605 | IceCv    | Killed a white ugly thing
 15611 | IceCv    | Noticed a white ugly thing
 15614 | IceCv    | Found a transporter.
 15614 | IceCv    | Noticed an ice statue
 15614 | IceCv    | Noticed an ice statue
 15616 | IceCv    | Killed a white ugly thing
 15623 | IceCv    | Killed an ice statue
 15636 | IceCv    | Killed an ice statue
 15695 | Lair:5   | Noticed a black mamba
 15702 | Lair:5   | Killed a black mamba
 15703 | Lair:5   | Reached skill level 17 in Unarmed Combat
 15968 | Lair:5   | Noticed a black mamba
 15970 | Lair:5   | Noticed a cane toad
 15977 | Lair:5   | Killed a black mamba
 15980 | Lair:5   | Killed a cane toad
 15981 | Lair:5   | Reached XP level 11. HP: 44/49 MP: 12/12
 16129 | Lair:5   | Found a runed translucent door.
 16136 | Lair:5   | Killed a boulder beetle
 16206 | Lair:5   | Noticed ripuliukko's ghost (journeyman MiFi)
 16344 | Lair:5   | Noticed a death yak
 16359 | Lair:5   | Killed a death yak
 16360 | Lair:5   | Reached skill level 18 in Unarmed Combat
 16747 | Lair:5   | Noticed a six-headed hydra
 16747 | Lair:5   | Noticed a dire elephant
 16814 | Lair:5   | Found a staircase to the Slime Pits.
 16815 | Lair:5   | Found a viscous altar of Jiyva.
 16839 | Lair:5   | Slain by a komodo dragon

Illustrated notes

Levels and vault maps discovered:
D:1:      lightli_arrival_lavapool, layout_basic, basic_ecumenical_altar
D:2:      layout_basic, basic_altar, serial_shops, nicolae_shop_stone,
          uniq_jessica
D:3:      minmay_bubble_buster, layout_basic, nemelex_spade_bored_becter,
          kennysheep_nub, uniq_natasha, uniq_sigmund
D:4:      layout_rooms, minmay_temple_entry_junction_2, feat_on_display,
          uniq_robin, uniq_menkaure
D:5:      gammafunk_cloud_chamber, layout_basic,
          mainiacjoe_overflow_small_starburst, abandoned_shop
D:6:      layout_rooms, mainiacjoe_overflow_surrounded_room, lemuel_doored_altar
D:7:      layout_basic, mainiacjoe_overflow_six_doors_small, serial_glass,
          glass_columns_a, glass_columns_a, minmay_misc_feat_plants, uniq_pikel,
          uniq_maggie
D:8:      layout_loops_ring, kennysheep_mini, mainiacjoe_overflow_alcove_4,
          minitemple, nicolae_ossuary_entry_monument, serial_shops,
          nicolae_shop_crystal, uniq_joseph, uniq_psyche, uniq_grum
D:9:      layout_long_grid, minmay_between
D:10:     layout_grid_maze, lair_entry_dummy
Temple:   nicolae_temple_ecumenical_triangle
Lair:1:   layout_long_grid, hibernation_bobbens
Lair:2:   cheibrodos_lair_overgrown_chateau, layout_small_grid, swamp_mist_pool,
          nicolae_spider_entry_orb_guardian, lightli_volcano_entry_magma_tube
Lair:3:   layout_long_grid
Lair:4:   layout_cave_pods
Lair:5:   hellmonk_lair_end_abyssal_woods, layout_big_grid, slime_entry_1,
          portal_ice_cave_entry_pillars_1, gammafunk_ghost_grave,
          minmay_shattered_shrine, serial_bayou_shore_a, lemuel_fruit_fields,
          lemuel_fruit_tree

Skill      XL: |  1  2  3  4  5  6  7  8  9 10 11 |
---------------+----------------------------------+-----
Unarmed Combat | 4 5 6 7 8 10 13 17 18 | 18.6
Dodging        | 5 6 7 12 10 13 | 13.5
Fighting       | 5 6 |  6.5
Stealth        | 6 11 12 | 12.4

Action                   |  1- 3 |  4- 6 |  7- 9 | 10-12 || total
-------------------------+-------+-------+-------+-------++-------
Melee: Unarmed           |    62 |   134 |   380 |   363 ||   939
       Bite              |     6 |     9 |    41 |    41 ||    97
       Punch             |     1 |     2 |    25 |    41 ||    69
Invok: Berserk           |     3 |     7 |    18 |    24 ||    52
       Trog's Hand       |       |       |       |     2 ||     2
       Brothers in Arms  |       |       |       |     3 ||     3
Evoke: Wand              |       |       |     9 |     6 ||    15
  Use: Scroll            |       |    11 |    12 |     5 ||    28
       Potion            |       |     2 |     3 |     7 ||    12
 Stab: Sleeping          |     1 |       |     5 |     9 ||    15
       Invisible         |       |       |       |     6 ||     6
       Distracted        |       |       |       |     3 ||     3
Armor: Skin              |     3 |     8 |    19 |    12 ||    42
Dodge: Dodged            |    34 |    98 |   275 |   273 ||   680
